 Dungeon Crawl Stone Soup version 0.30.0-20-g3615ddf2f0 (webtiles) character file.

Game seed: 10178067387820893894

151 qw the Chopper (level 5, -4/32 HPs)
             Began as a Gargoyle Fighter on June 1, 2023.
             Slain by a water moccasin (6 damage)
             ... on level 6 of the Dungeon.
             The game lasted 00:00:45 (1251 turns).

qw the Chopper (Gargoyle Fighter)                   Turns: 1251, Time: 00:00:46

Health: -4/32      AC: 16    Str: 21    XL:     5   Next: 33%
Magic:  5/5        EV:  7    Int:  9    God:
Gold:   109        SH:  4    Dex:  9    Spells: 4/4 levels left

rFire   . . .        Y - +1 war axe (venom)
rCold   . . .        c - +0 buckler
rNeg    + . .        e - +2 chain mail {rPois}
rPois   inf          j - +0 helmet
rElec   +            (no cloak)
rCorr   .            (no gloves)
SInv    .            (no boots)
Will    +....        (no amulet) Stlth
                     k - ring of willpower
HPRegen 0.25/turn    (no ring)
MPRegen 0.09/turn

%: no passive effects
@: no status effects
A: sickness immunity, AC +4, negative energy resistance 1, electricity
resistance, torment resistance 1, petrification resistance
a: no special abilities


You were on level 6 of the Dungeon.
You visited 1 branch of the dungeon, and saw 4 of its levels.

You collected 109 gold pieces.


Innate Abilities, Weirdness & Mutations

You are immune to sickness and miasma.
Your stone body is resilient. (AC +4)
You are immune to poison.
You resist negative energy. (rN+)
You are resistant to electric shocks. (rElec)
You are resistant to unholy torment.
You are immune to petrification.


   Skills:
 - Level 3.2 Fighting
 + Level 4.9 Axes
 - Level 3.2 Armour
 - Level 3.2 Shields


You had 4 spell levels left.
You didn't know any spells.
Your spell library was empty.

Inventory:

Hand Weapons
 l - a +0 mace
 Y - a +1 war axe of venom (weapon)
Missiles
 a - 3 boomerangs (quivered)
Armour
 b - a scarf of invisibility
 c - a +0 buckler (worn)
 e - a +2 chain mail of poison resistance (worn)
 j - a +0 helmet (worn)
Jewellery
 k - a ring of willpower (left hand)
Potions
 d - 3 potions of might
 f - 3 potions of curing
 g - a potion of berserk rage {unknown}
 h - a potion of heal wounds {unknown}
 i - 2 potions of flight {unknown}
 o - a potion of mutation {unknown}

Dungeon Overview and Level Annotations

Branches:
Dungeon (3/15)

Altars:


Message History

The boomerang closely misses the water moccasin.
The water moccasin bites you.
You slash the water moccasin!
The water moccasin is heavily wounded.
The water moccasin bites you but does no damage.
You barely miss the water moccasin.
The water moccasin is heavily wounded.
The water moccasin bites you! The water moccasin barely misses you.
A scorpion comes into view.
You slash the water moccasin!
The water moccasin is almost dead.
The water moccasin bites you. You block the water moccasin's attack.
You closely miss the water moccasin.
The water moccasin is almost dead.
The water moccasin bites you but does no damage. x2
You miss the water moccasin.
The water moccasin is almost dead.
The water moccasin bites you.
You closely miss the water moccasin.
The water moccasin is almost dead.
The water moccasin bites you but does no damage.
The water moccasin bites you.
You miss the water moccasin.
The water moccasin is almost dead.
You barely miss the scorpion. The water moccasin bites you!
The scorpion stings you but does no damage.
The water moccasin bites you but does no damage.
You closely miss the water moccasin.
The water moccasin is almost dead.
You slash the scorpion!
The scorpion is poisoned.
The scorpion stings you. You block the water moccasin's attack.
The scorpion completely misses you. The water moccasin bites you.
You hit the water moccasin.
The water moccasin is almost dead.
You closely miss the scorpion.
The water moccasin bites you but does no damage.
The scorpion stings you but does no damage.
The water moccasin bites you.
You die...

. # .########...
............ ###.
.#.....# #... ...#####
###..# .### ....# #
#..## # ###.s.#
##############..@#.###
.................S..(...
#### ######..#####..####
######......## #..#
.......###### ....
.####### .[.# ## #.# ..


You could see a water moccasin and a scorpion (very poisoned).

Vanquished Creatures
  A phantom (D:6)
  A jelly (D:6)
  An adder (D:2)
  4 ball pythons
  5 endoplasms
  3 giant cockroaches
  5 goblins
  8 jackals
  2 quokkas
  2 bats
  A frilled lizard (D:2)
  4 rats
37 creatures vanquished.

Notes
Turn   | Place    | Note
-------+----------+-------------------------------------------
     0 | D:1      | qw the Gargoyle Fighter began the quest for the Orb.
     0 | D:1      | Reached XP level 1. HP: 14/14 MP: 1/1
     0 | D:1      | 0 ||| qw: Version: 0.2-a-102-gdf20003
     0 | D:1      | 0 ||| qw: Game counter: 681
     0 | D:1      | 0 ||| qw: Always use a shield: true
     0 | D:1      | 0 ||| qw: God list: Okawaru
     0 | D:1      | 0 ||| qw: Allow faded altars: false
     0 | D:1      | 0 ||| qw: Do Orc after D:15 true
     0 | D:1      | 0 ||| qw: Do second Lair branch before Depths: true
     0 | D:1      | 0 ||| qw: Lair rune preference: random
     0 | D:1      | 0 ||| qw: Plans: Normal, Zot:1-4, Slime:5, God:TSO, Crypt,
                  | Tomb, Pan, Hells, Abyss, Win
     0 | D:1      | 0 ||| PLANNING D:1-11
    76 | D:1      | Reached skill level 2 in Axes
    84 | D:1      | Reached XP level 2. HP: 15/19 MP: 2/2
   404 | D:1      | 404 ||| UPGRADING to +2 chain mail of poison resistance.
   414 | D:1      | 414 ||| DROPPING +0 scale mail.
   415 | D:1      | 415 ||| UPGRADING to ring of willpower.
   416 | D:1      | 416 ||| READING scroll labelled ICHUNGU AVUPP.
   417 | D:1      | 417 ||| READING scroll labelled USHYOM OTIY.
   418 | D:1      | 418 ||| DRINKING 3 amethyst potions.
   547 | D:2      | Reached skill level 3 in Axes
   558 | D:2      | Reached XP level 3. HP: 23/23 MP: 3/3
   587 | D:2      | 587 ||| Stepping ~*~*~tactically~*~*~ (stealth).
   656 | D:2      | 656 ||| READING scroll of brand weapon.
   656 | D:2      | 656 ||| BRANDING +0 war axe of flaming.
   777 | D:2      | 777 ||| Stepping ~*~*~tactically~*~*~ (stealth).
   795 | D:2      | 795 ||| DROPPING +0 club.
  1037 | D:2      | 1037 ||| UPGRADING to +0 helmet.
  1042 | D:2      | 1042 ||| READING scroll labelled IHEREO YRIE.
  1043 | D:2      | 1043 ||| READING scroll labelled ZOYTAI WARUH.
  1044 | D:2      | 1044 ||| READING scroll labelled NURPHU WOSUGRU.
  1076 | D:3      | You fall into a shaft and drop 3 floors!
  1078 | D:6      | Noticed a phantom
  1089 | D:6      | Killed a phantom
  1090 | D:6      | Reached skill level 4 in Axes
  1090 | D:6      | Reached XP level 4. HP: 15/28 MP: 4/4
  1090 | D:6      | Reached XP level 5. HP: 17/32 MP: 5/5
  1239 | D:6      | Noticed a water moccasin
  1249 | D:6      | HP: 7/32 [water moccasin (7)]
  1250 | D:6      | HP: 1/32 [water moccasin (4)]
  1251 | D:6      | Slain by a water moccasin

Levels and vault maps discovered:
D:1:      dpeg_arrival_simpleton_c, layout_rooms, nrook_uturn
D:2:      layout_rooms
D:3:      layout_rooms, basic_ecumenical_altar, cheibrodos_gnoll_hut
D:6:      layout_rooms

Skill      XL: |  1  2  3 |
---------------+----------+-----
Axes           | 2 3 4 |  4.9
Fighting       | |  3.2
Armour         | |  3.2
Shields        | |  3.2

Action                     |  1- 3 |  4- 6 || total
---------------------------+-------+-------++-------
  Melee: War axe           |   108 |    12 ||   120
  Throw: Boomerang         |     7 |     2 ||     9
    Use: Scroll            |     6 |       ||     6
         Potion            |     1 |       ||     1
 Armour: Scale mail        |    35 |       ||    35
         Chain mail        |    62 |    10 ||    72
  Dodge: Dodged            |    51 |     2 ||    53
  Block: Buckler           |    28 |     3 ||    31

Table legend:
 A = Non-vault XP
 B = Vault XP
 C = Vault XP percentage of total XP
 D = Non-vault monster count
 E = Vault monster count
 F = Vault count percentage of total count
                 A         B        C        D         E       F
            +---------+---------+-------+---------+---------+-------
      Total |     216 |       0 |   0.0 |      37 |       0 |   0.0
            +---------+---------+-------+---------+---------+-------
        D:1 |      20 |       0 |   0.0 |      11 |       0 |   0.0
        D:2 |      53 |       0 |   0.0 |      24 |       0 |   0.0
        D:6 |     143 |       0 |   0.0 |       2 |       0 |   0.0
            +---------+---------+-------+---------+---------+-------
